 Dungeon Crawl Stone Soup version 0.29.1-12-g30fa7ad0bf (webtiles) character file.

Game seed: 6210444295415095397

11783 wormed the Covert (level 11, -50/58 HPs)
             Began as a Spriggan Hunter on Dec 29, 2022.
             Was a High Priest of Okawaru.
             Killed from afar by an ice dragon (52 damage)
             ... with a blast of cold
             ... on level 11 of the Dungeon.
             The game lasted 00:33:51 (17319 turns).

wormed the Covert (Spriggan Hunter)                Turns: 17319, Time: 00:33:53

Health: -50/58     AC:  4    Str:  7    XL:     11   Next: 53%
Magic:  12/12      EV: 29    Int: 11    God:    Okawaru [*****.]
Gold:   653        SH:  0    Dex: 29    Spells: 10/10 levels left

rFire   + . .      SeeInvis +   a - +0 shortbow
rCold   x . .      Faith    .   (shield currently unavailable)
rNeg    . . .      Spirit   .   L - +0 troll leather armour
rPois   .          Reflect  .   (helmet restricted)
rElec   .          Harm     .   (no cloak)
rCorr   .          Rampage  .   (gloves unavailable)
Will    +....                   (boots unavailable)
Stlth   ++++++....              (no amulet)
HPRegen 0.99/turn               k - +6 ring of dexterity
MPRegen 0.13/turn               K - ring of fire

@: lethally poisoned (-50 -> -55), very quick
A: very small, no large weapons, unfitting armour, see invisible, speed 3
a: Renounce Religion, Heroism, Finesse, Duel


You were on level 11 of the Dungeon.
You worshipped Okawaru.
Okawaru was extremely pleased with you.
You visited 3 branches of the dungeon, and saw 14 of its levels.

You collected 653 gold pieces.

Inventory:

Hand Weapons
 a - a +0 shortbow (weapon)
 F - a +4 dagger of electrocution
Armour
 c - a +0 robe
 L - a +0 troll leather armour (worn)
Jewellery
 k - a +6 ring of dexterity (left hand)
 q - a ring of wizardry
 s - a ring of resist corrosion
 x - a ring of wizardry
 y - a ring of positive energy
 A - a ring of flight
 B - an amulet of reflection
 K - a ring of fire (right hand)
Wands
 D - a wand of iceblast (6)
 H - a wand of flame (17)
 N - a wand of polymorph (5)
Scrolls
 b - a scroll of immolation
 d - 2 scrolls of blinking {unknown}
 e - 3 scrolls of enchant weapon {unknown}
 g - 2 scrolls of poison {unknown}
 h - 3 scrolls of magic mapping {unknown}
 i - 5 scrolls of vulnerability {unknown}
 l - 3 scrolls of amnesia {unknown}
 m - a scroll of acquirement {unknown}
 n - 3 scrolls of teleportation {unknown}
 p - 2 scrolls of fog {unknown}
 w - 3 scrolls of identify
 I - a scroll of fear {unknown}
 J - a scroll of noise {unknown}
 M - a scroll of enchant armour {unknown}
Potions
 f - 5 potions of might
 j - 2 potions of attraction
 o - 6 potions of flight
 r - 2 potions of mutation
 t - a potion of cancellation
 u - 3 potions of magic
 v - a potion of lignification {unknown}
 z - 4 potions of invisibility {unknown}
 C - 3 potions of heal wounds {unknown}
 E - a potion of resistance {unknown}
 G - a potion of brilliance


   Skills:
 + Level 7.2 Fighting
 * Level 12.4 Ranged Weapons
 + Level 11.1 Dodging
 + Level 12.8 Stealth


You had 10 spell levels left.
You didn't know any spells.
Your spell library contained the following spells:

 Spells                   Type           Power      Damage    Failure   Level
 Slow                     Hex            0%         N/A       47%         1
 Confusing Touch          Hex            0%         N/A       85%         3
 Ozocubu's Armour         Ice            0%         N/A       85%         3
 Stone Arrow              Conj/Erth      0%         3d7       85%         3
 Vampiric Draining        Necr           0%         2d6       85%         3
 Fulminant Prism          Conj/Hex       0%         3d6       99%         4
 Iskenderun's Mystic Bla  Conj/Tloc      0%         2d3       99%         4
 Blade Hands              Tmut           0%         N/A       100%        5
 Lee's Rapid Deconstruct  Erth           0%         3d5*      100%        5
 Iron Shot                Conj/Erth      0%         9d1       100%        6
 Ozocubu's Refrigeration  Ice            0%         4d7       100%        7
 Lehudib's Crystal Spear  Conj/Erth      0%         10d2      100%        8
 Animate Armour           Summ/Erth      Unusable   N/A       N/A         4

Dungeon Overview and Level Annotations

Branches:
Dungeon (12/15)            Temple (1/1) D:4            Lair (1/5) D:11
    Orc (0/2) D:11

Altars:
Ashenzari
Cheibriados
Dithmenos
Elyvilon
Fedhas
Gozag
Hepliaklqana
Kikubaaqudgha
Makhleb
Nemelex Xobeh
Okawaru
Qazlal
Ru
Sif Muna
Trog
Uskayaw
Vehumet
Wu Jian
Xom
Yredelemnul
Zin
The Shining One

Shops:
D:5 :   D:9 (

Annotations:
D:8 1 transporter
D:9 Grum


Innate Abilities, Weirdness & Mutations

You are very small and have problems with some larger weapons.
You are too small for most types of armour.
You have supernaturally acute eyesight. (SInv)
You cover ground extremely quickly. (Speed+++)


Message History

There is a stone staircase leading down here.
There is an open door here.
There is an open door here.
There is an open door here.
There is a staircase to the Lair here.
You climb downwards.
Welcome back to the Lair of Beasts!
The wolf spider completely misses you. x2; The wolf spider misses you.
The wolf spider closely misses you. x2; The wolf spider bites you!
You are poisoned.
The wolf spider poisons you!
The wolf howls!
There is a staircase back to the Dungeon, spattered with blood here.
You feel extremely sick.
The wolf howls!
The wolf completely misses you. The wolf spider hits you!
The wolf spider completely misses you.
You climb upwards.
Welcome back to the Dungeon!
You feel extremely sick.
There is a staircase to the Lair here.
Aiming: Polymorph
Press: ? - help, Shift-Dir - straight line, f - wolf spider
Aim: a wolf spider (will become an ice dragon, a slime creature, or a steelbarb worm, chance to affect: 49%)
The wolf spider evaporates and reforms as an ice dragon!
* * * LOW HITPOINT WARNING * * *
You feel very sick. The wolf bites you!
* * * LOW HITPOINT WARNING * * *
The wolf misses you. The ice dragon closely misses you.
The ice dragon completely misses you. The ice dragon closely misses you.
* * * LOW HITPOINT WARNING * * *
You feel very sick. The wolf closely misses you.
It was a potion of cancellation.
You feel magically purged.
* * * LOW HITPOINT WARNING * * *
You feel very sick. The wolf misses you. The ice dragon breathes frost at you.
The blast of cold hits you!!!
You feel a terrible chill!
Ouch! That really hurt!
You die...

...# ###....#####.# #........#
...# ##'###..#### #######'.. '###
#.###...## #### ..# #.##.....##
#... #'### ######..P....# #..#
....###....#.P...P.## #.##
....................#### #.#
....#.#.#......h.......#######.#
...............>@....#.........##
....#.#.#......D÷...##########...
...........)........# #.##
....#.#.#..#....P..## #.##
...........#..P....# ##...
.....#.###.##.....## #..##
.......# #.###...## #.## ....####
#####'.## #.# ##'## #...## #.#


You could see an ice dragon (catching breath) and a wolf.

Vanquished Creatures
  A two-headed ogre (D:11)
  Nergalle (Lair:1)
  Pikel (D:5)
  A deep elf pyromancer (D:12)
  A cyclops (shapeshifter) (D:10)
  A manticore (D:11)
  A gargoyle (D:10)
  A komodo dragon (D:10)
  A troll (D:10)
  2 hornets
  4 blink frogs (Lair:1)
  4 shadows
  2 vampires
  2 wyverns
  2 wraiths (D:10)
  5 yaks
  A basilisk (D:10)
  A steam dragon (D:8)
  4 water moccasins
  2 black bears
  5 orc warriors
  A sky beast (D:7)
  3 wolves
  A lemure (D:5)
  4 centaurs
  3 kobold brigands
  2 bullfrogs
  2 scorpions
  2 necrophages
  A gnoll sergeant (D:10)
  7 wights
  A jelly (D:8)
  15 killer bees
  7 electric eels (D:10)
  A vampire bat (D:6)
  A howler monkey (D:6)
  3 orc priests
  3 hounds
  A gnoll bouda (D:7)
  12 orc wizards
  4 iguanas
  Robin (D:4)
  9 gnolls
  4 adders
  2 shadow imps
  2 white imps
  3 worms
  9 dart slugs (D:3)
  43 orcs
  11 bats
  6 endoplasms
  A giant cockroach (D:3)
  5 hobgoblins
  6 quokkas
  5 ball pythons
  2 frilled lizards (D:1)
  15 goblins
  21 kobolds
  9 rats
271 creatures vanquished.

Vanquished Creatures (others)
  An orc wizard (D:7)
  4 fungi
  7 plants
  4 withered plants (D:9)
16 creatures vanquished.

Grand Total: 287 creatures vanquished

Notes
Turn   | Place    | Note
-------+----------+-------------------------------------------
     0 | D:1      | wormed the Spriggan Hunter began the quest for the Orb.
     0 | D:1      | Reached XP level 1. HP: 10/10 MP: 2/2
   351 | D:1      | Reached XP level 2. HP: 15/15 MP: 3/3
  1158 | D:2      | Reached XP level 3. HP: 10/18 MP: 4/4
  1711 | D:2      | Found a faded altar of an unknown god.
  1865 | D:3      | Identified the +12 dagger of Extremism {freeze, rF+ rN+
                  | rCorr Int-2}
  1887 | D:3      | Reached XP level 4. HP: 23/23 MP: 5/5
  2512 | D:3      | Reached skill level 5 in Ranged Weapons
  2523 | D:3      | Reached XP level 5. HP: 19/27 MP: 6/6
  2838 | D:4      | Noticed Robin
  3354 | D:3      | Reached XP level 6. HP: 29/32 MP: 7/7
  3392 | D:4      | Found a staircase to the Ecumenical Temple.
  3410 | Temple   | Entered the Ecumenical Temple
  3437 | Temple   | Became a worshipper of Warmaster Okawaru
  3535 | D:4      | Killed Robin
  3972 | D:5      | Entered Level 5 of the Dungeon
  4117 | D:5      | Reached skill level 5 in Stealth
  4306 | D:5      | Reached skill level 5 in Dodging
  4353 | D:5      | Noticed Pikel
  4481 | D:5      | Reached * piety under Okawaru
  4482 | D:5      | Reached XP level 7. HP: 18/36 MP: 8/8
  4667 | D:5      | Found Worit's Tremendous Tomes.
  5274 | D:5      | Killed Pikel
  5274 | D:5      | Reached ** piety under Okawaru
  5275 | D:5      | Reached XP level 8. HP: 37/42 MP: 9/9
  6798 | D:7      | Reached *** piety under Okawaru
  7649 | D:7      | Reached XP level 9. HP: 46/46 MP: 10/10
  8410 | D:7      | Reached **** piety under Okawaru
  8473 | D:7      | Reached skill level 5 in Fighting
  9251 | D:8      | Found a snail-covered altar of Cheibriados.
  9434 | D:8      | Found a sparkling altar of Nemelex Xobeh.
  9894 | D:8      | Found a radiant altar of Vehumet.
 10030 | D:8      | Found a transporter.
 10072 | D:8      | Reached skill level 10 in Ranged Weapons
 10072 | D:8      | Reached skill level 10 in Stealth
 10507 | D:9      | Reached XP level 10. HP: 32/49 MP: 11/11
 10840 | D:9      | Found an opulent altar of Gozag.
 10841 | D:9      | Found a shadowy altar of Dithmenos.
 10841 | D:9      | Found a broken altar of Ashenzari.
 10941 | D:9      | Found a blossoming altar of Fedhas.
 10944 | D:9      | Found an ancient bone altar of Kikubaaqudgha.
 11000 | D:9      | Noticed Grum
 11550 | D:9      | Found Uleutol's Weapon Shop.
 11990 | D:9      | Reached ***** piety under Okawaru
 12078 | D:9      | Received a gift from Okawaru
 12245 | D:10     | Entered Level 10 of the Dungeon
 12389 | D:10     | Found a shimmering altar of Xom.
 12389 | D:10     | Noticed an angel
 12392 | D:10     | Found a glowing silver altar of Zin.
 12412 | D:10     | Found a burning altar of Makhleb.
 12958 | D:10     | Found a stormy altar of Qazlal.
 13031 | D:10     | Noticed a gargoyle
 13042 | D:10     | Killed a gargoyle
 13043 | D:10     | Reached skill level 10 in Dodging
 13663 | D:10     | Paralysed by a hornet for 1 turns
 14120 | D:10     | Noticed a fire crab
 15169 | D:10     | Reached XP level 11. HP: 56/58 MP: 12/12
 15495 | D:11     | Noticed a two-headed ogre
 15547 | D:11     | Killed a two-headed ogre
 15547 | D:11     | Received a gift from Okawaru
 15855 | D:11     | Found a staircase to the Orcish Mines.
 15975 | D:11     | Found a staircase to the Lair.
 16472 | Lair:1   | Entered Level 1 of the Lair of Beasts
 16631 | Lair:1   | Noticed Nergalle
 16674 | Lair:1   | Killed Nergalle
 16674 | Lair:1   | Identified the +7 lajatang of the Healing Viper {pain,
                  | rPois Will+ Str+6 Dex-5 Stlth+} (Okawaru gifted it to you
                  | on level 1 of the Lair of Beasts)
 16674 | Lair:1   | Received a gift from Okawaru
 16756 | Lair:1   | Identified the +7 whip of Ruli {vorpal, rC+ Will+}
 16975 | Lair:1   | Noticed a wolf spider
 17096 | D:12     | Noticed a deep elf pyromancer
 17109 | D:12     | Killed a deep elf pyromancer
 17124 | D:12     | Noticed a five-headed hydra
 17142 | D:12     | Noticed a boulder beetle
 17317 | D:11     | Noticed an ice dragon
 17317 | D:11     | a wolf spider changed into an ice dragon
 17319 | D:11     | HP: 2/58 [poisoned by a wolf spider]
 17319 | D:11     | Killed from afar by an ice dragon

Illustrated notes

Levels and vault maps discovered:
D:1:      wheals_arrival_linesprint, layout_loops_corners,
          minmay_misc_feat_rows, minmay_unequal
D:2:      layout_rooms, hellmonk_ecumenical_altar_zigzags
D:3:      kennysheep_slugbush, layout_loops_ring, minmay_divided_ellipse
D:4:      layout_rooms, minmay_temple_entry_large_hall, uniq_robin
D:5:      layout_cave_pools, nicolae_shop_i_like_big_books, uniq_pikel
D:6:      layout_basic, roderic_batcave
D:7:      layout_loops_corners, palyth_stone_intersect
D:8:      layout_gridville, mainiacjoe_overflow_24_doors,
          mainiacjoe_overflow_catch_the_wave, nicolae_diode_basic
D:9:      layout_basic, grunt_temple_overflow_growth_and_decay,
          chequers_temple_overflow_statue_of_worship, serial_shops,
          kennysheep_little_box, uniq_grum
D:10:     wad_cavern_with_rooms, layout_basic, overflow_temple_1_default,
          grunt_temple_overflow_order_and_chaos_1, grunt_qazlal_sundering,
          nzn_life_drinkers
D:11:     layout_roguey, david_lair_generic, serial_co_window_serial,
          co_window_paths_b, co_window_corner_a, co_window_paths_a,
          co_window_paths_a, co_window_of_opportunity_a, co_window_2corner,
          co_window_unsneaky_path_c, co_window_broadway_a, co_window_corner_b,
          glass_columns_c, glass_columns_c, glass_columns_a, glass_columns_b
D:12:     minmay_connected_triangles_in_corner, layout_irregular_city,
          gauntlet_entry_generic, uniq_kirke
Temple:   nicolae_temple_ecumenical_triangle
Lair:1:   layout_misc_corridors, nicolae_lair_run_with_the_wolves,
          uniq_nergalle, uniq_gastronok

Skill      XL: |  1  2  3  4  5  6  7  8  9 10 11 |
---------------+----------------------------------+-----
Stealth        | 2 3 4 5 6 8 10 11 12 | 12.8
Dodging        | 3 4 5 6 7 8 10 11 | 11.1
Fighting       | 2 3 4 5 6 7 |  7.2
Ranged Weapons | 5 6 7 8 10 11 12 | 12.4

Action                   |  1- 3 |  4- 6 |  7- 9 | 10-12 || total
-------------------------+-------+-------+-------+-------++-------
 Fire: Shortbow          |    84 |   227 |   388 |   563 ||  1262
Evoke: Wand              |       |       |     7 |     3 ||    10
  Use: Potion            |       |     1 |     5 |     1 ||     7
       Scroll            |       |     4 |       |     4 ||     8
Armor: Robe              |     4 |     4 |     8 |     2 ||    18
       Troll leather arm |       |       |       |     3 ||     3
Dodge: Dodged            |    22 |    99 |   257 |   235 ||   613
